AoeStats
← meditator27

African Clearing

506817868Analyzed
3v3 RM · 16d ago on Sep 15, 2026· 50m 14s· 6 players
Game mode
Random Map
Map size
Normal (6 player)
Population
200
Speed
Normal
Resources
Standard
Victory
Conquest
Starting age
Dark Age
Ending age
Imperial Age
RankedLock teamsTeams togetherTeam positionsShared explorationLock speedFull tech treeHidden civsTurbo modeCheats
Victory
Defeat
🇦🇺 Maya · Australia
1352
+15
1330
+16
🇹🇼 Huns · Taiwan
1272
+19
🇳🇿 Saracens · New Zealand
1368
-18
🇦🇺 Malians · Australia
1309
-16
🇦🇺 Magyars · Australia
1305
-16
Phenytoin
11:01 Loom
12:47 Feudal Age
14:29 Double-Bit Axe
17:07 Castle Age
16:03 Fletching
18:34 Bodkin Arrow
24:49 Horse Collar
25:24 Bow Saw
28:41 Wheelbarrow
29:00 Ballistics
28:50 Gold Mining
29:31 Padded Archer Armor
32:55 Stone Mining
38:46 Imperial Age
39:35 Thumb Ring
39:31 Bracer
40:34 Chemistry
40:21 Hand Cart
41:36 Stone Shaft Mining
42:02 Two-Man Saw
41:04 Heavy Plow
41:52 Conscription
42:28 Leather Archer Armor
42:35 Elite Plumed Archer
44:01 Ring Archer Armor
44:14 Hoardings
44:55 Coinage
44:26 Caravan
48:54 Masonry
魔鬼我在索马里
11:46 Loom
13:34 Feudal Age
12:42 Loom
14:20 Double-Bit Axe
14:50 Arson
15:18 Forging
15:10 Scale Mail Armor
20:10 Castle Age
19:58 Gold Mining
22:20 Scale Barding Armor
26:04 Bow Saw
25:39 Horse Collar
27:45 Husbandry
29:04 Fletching
29:50 Iron Casting
30:59 Wheelbarrow
31:45 Town Watch
33:00 Heavy Plow
34:50 Stone Mining
36:54 Bloodlines
37:07 Chain Barding Armor
41:42 Imperial Age
39:59 Hand Cart
40:23 Bodkin Arrow
41:18 Stirrups
42:54 Conscription
41:56 Elite Konnik
43:17 Plate Barding Armor
43:43 Blast Furnace
42:43 Bracer
43:32 Crop Rotation
42:30 Capped Ram
43:35 Siege Ram
44:57 Chain Mail Armor
44:47 Squires
44:33 Gambesons
meditator27
4:43 Loom
13:59 Feudal Age
19:03 Castle Age
18:50 Double-Bit Axe
19:13 Horse Collar
20:06 Bow Saw
20:41 Fletching
21:29 Bodkin Arrow
27:18 Wheelbarrow
29:00 Gold Mining
30:40 Ballistics
30:40 Stone Mining
31:42 Hand Cart
36:41 Imperial Age
35:13 Heavy Plow
35:35 Thumb Ring
36:21 Bloodlines
36:11 Husbandry
37:47 Heavy Cavalry Archer
38:01 Cavalier
40:09 Padded Archer Armor
41:28 Conscription
42:32 Chemistry
41:41 Bracer
43:46 Two-Man Saw
44:27 Leather Archer Armor
sabelord
5:38 Loom
14:32 Feudal Age
15:37 Double-Bit Axe
15:59 Horse Collar
22:39 Castle Age
23:19 Elite Skirmisher
26:08 Fletching
31:53 Bodkin Arrow
34:15 Bloodlines
34:08 Husbandry
37:24 Ballistics
40:26 Corvinian Army
42:10 Padded Archer Armor
NADOLEAN
13:12 Feudal Age
14:18 Loom
18:20 Castle Age
28:14 Forging
28:10 Squires
29:09 Town Watch
30:56 Fletching
42:15 Imperial Age
42:18 Bloodlines
44:11 Heavy Camel Rider
45:17 Conscription
Wekawekawooo
5:18 Loom
13:10 Feudal Age
13:50 Double-Bit Axe
17:24 Forging
17:06 Town Watch
17:54 Scale Barding Armor
20:23 Wheelbarrow
23:39 Castle Age
22:32 Horse Collar
25:37 Chain Barding Armor
25:29 Bloodlines
28:07 Fletching
30:34 Hand Cart
33:19 Iron Casting
33:13 Husbandry
37:57 Bow Saw
42:39 Imperial Age
40:10 Gold Mining
40:23 Heavy Plow
42:12 Bodkin Arrow
44:28 Blast Furnace
43:56 Conscription
44:43 Plate Barding Armor
45:18 Bracer
46:04 Elite Mameluke
49:48 Hoardings
Connection lost

Rejoining the realm…

Still unreachable

The connection could not be restored.

Session expired

The server has moved on; the page needs a fresh start.